[Event "Titled Tuesday Blitz June 6 Early 2023"]
[White "Baches Garcia, Guillermo"]
[Black "Nihal Sarin"]
[WhiteFideId "2209764"]
[BlackFideId "25092340"]
[WhiteElo "2512"]
[BlackElo "2689"]
[Result "0-1"]
[Round "1"]
[TimeControl "180+2"]
[Date "2023.06.06"]
[WhiteClock "0:00:01"]
[BlackClock "0:00:06"]
[Board "1"]

1. e4 c6 2. d4 d5 3. e5 Bf5 4. h4 a6 5. Be3 c5 6. dxc5 Nc6 7. Nf3 e6 8. c4 Bg4 9. cxd5 exd5 10. Bd4 Bxf3 11. gxf3 Nge7 12. Bh3 Nxd4 13. Qxd4 Nc6 14. Qf4 Bxc5 15. Rg1 Qb6 16. Rxg7 Rf8 17. Nd2 Bxf2+ 18. Ke2 Bd4 19. Re1 Nd8 20. Qf6 Qxf6 21. exf6 Bxf6 22. Kd3+ Ne6 23. Rxh7 O-O-O 24. Bxe6+ fxe6 25. Rc1+ Kb8 26. Rcc7 Be5 27. Rxb7+ Kc8 28. Ra7 Bb8 29. Rab7 Rh8 30. Rhf7 Rxh4 31. Nb3 Rc4 32. Na5 Rc7 33. Rbxc7+ Bxc7 34. Nc6 Rd6 35. Ne7+ Kd8 36. Ng6 Rb6 37. b3 e5 0-1


[Site "https://www.chess.com"]

[Event "Titled Tuesday Blitz June 6 Early 2023"]
[White "Naroditsky, Daniel"]
[Black "Di Nicolantonio, Lucas"]
[WhiteFideId "2026961"]
[BlackFideId "680460"]
[WhiteElo "2632"]
[BlackElo "2358"]
[Result "1-0"]
[Round "1"]
[TimeControl "180+2"]
[Date "2023.06.06"]
[WhiteClock "0:02:17"]
[BlackClock "0:02:11"]
[Board "2"]

1. e4 c6 2. d4 d5 3. f3 Qb6 4. Nc3 e6 5. a3 Nd7 6. Be3 Be7 7. Bd3 Ngf6 8. Nge2 dxe4 9. fxe4 e5 10. Qd2 O-O 11. dxe5 Qxb2 12. Ra2 1-0


[Site "https://www.chess.com"]

[Event "Titled Tuesday Blitz June 6 Early 2023"]
[White "Tanmay Jain"]
[Black "Nepomniachtchi, Ian"]
[WhiteFideId "45015481"]
[BlackFideId "4168119"]
[WhiteElo "2032"]
[BlackElo "2781"]
[Result "0-1"]
[Round "1"]
[TimeControl "180+2"]
[Date "2023.06.06"]
[WhiteClock "0:00:05"]
[BlackClock "0:01:10"]
[Board "3"]

1. e4 e5 2. Nf3 Nc6 3. Nc3 g6 4. Be2 Bg7 5. d3 d6 6. O-O f5 7. exf5 Bxf5 8. Be3 Nf6 9. d4 e4 10. Nd2 d5 11. f3 exf3 12. Bxf3 O-O 13. Bf2 Qd7 14. Nb3 b6 15. Ne2 Ng4 16. c3 Bh6 17. Ng3 Nxf2 18. Kxf2 Ne7 19. Kg1 c6 20. Nxf5 Nxf5 21. Qd3 Be3+ 22. Kh1 Rae8 23. Rae1 h5 24. c4 Kg7 25. Re2 Qe7 26. g3 Qg5 27. Rg2 Nd6 28. cxd5 cxd5 29. Be2 Ne4 30. Rxf8 Rxf8 31. h4 Nxg3+ 0-1


[Site "https://www.chess.com"]

[Event "Titled Tuesday Blitz June 6 Early 2023"]
[White "Martinez Alcantara, Jose Eduardo"]
[Black "Janaszak, Dawid"]
[WhiteFideId "3805662"]
[BlackFideId "1119206"]
[WhiteElo "2711"]
[BlackElo "2220"]
[Result "1-0"]
[Round "1"]
[TimeControl "180+2"]
[Date "2023.06.06"]
[WhiteClock "0:00:50"]
[BlackClock "0:00:09"]
[Board "4"]

1. e4 c5 2. Nf3 Nc6 3. c3 e5 4. Bc4 Nf6 5. d3 Be7 6. Bg5 O-O 7. Nbd2 d6 8. Bxf6 Bxf6 9. O-O Kh8 10. Re1 Rb8 11. a4 a6 12. Nf1 Be6 13. Ne3 Bxc4 14. dxc4 g6 15. Qd3 Bg7 16. Red1 Qb6 17. Qc2 Ne7 18. h4 f5 19. h5 Rbd8 20. hxg6 hxg6 21. Ng5 Rf6 22. Nd5 Nxd5 23. cxd5 Bh6 24. Ne6 Rd7 25. g3 c4 26. Kg2 f4 27. Rh1 Rh7 28. Rh3 fxg3 29. Rxg3 Bf4 30. Rh3 Rxh3 31. Kxh3 Be3 32. Qe2 Bxf2 33. Rf1 g5 34. Kg2 Rxe6 35. dxe6 Bh4 36. Qh5+ Kg7 37. Rf7+ 1-0


[Site "https://www.chess.com"]

[Event "Titled Tuesday Blitz June 6 Early 2023"]
[White "Toczek, Grzegorz"]
[Black "Duda, Jan-Krzysztof"]
[WhiteFideId "1106457"]
[BlackFideId "1170546"]
[WhiteElo "2093"]
[BlackElo "2783"]
[Result "0-1"]
[Round "1"]
[TimeControl "180+2"]
[Date "2023.06.06"]
[WhiteClock "0:00:03"]
[BlackClock "0:00:38"]
[Board "5"]

1. e4 e6 2. d4 d5 3. Nd2 c5 4. exd5 Qxd5 5. dxc5 Qxc5 6. Ngf3 Nf6 7. Bd3 Nbd7 8. O-O b6 9. Ne4 Qc7 10. Bg5 Bb7 11. Qe2 Nd5 12. c3 h6 13. Bd2 a6 14. Rfe1 Be7 15. Rad1 Nf4 16. Bxf4 Qxf4 17. Bb1 Nc5 18. Nxc5 Bxf3 19. Qxf3 Qxf3 20. gxf3 Bxc5 21. Be4 Ra7 22. b4 Be7 23. Bc6+ Kf8 24. a3 Bf6 25. c4 Ke7 26. Re3 Rc8 27. b5 Kf8 28. a4 axb5 29. axb5 Be7 30. Red3 g5 31. Rd7 Rxd7 32. Rxd7 Bc5 33. Kg2 Kg7 34. h3 h5 35. Rd2 Kg6 36. Be4+ f5 37. Bc6 Kf6 38. Re2 Rd8 39. Rc2 Ke5 40. Re2+ Kf4 41. Rc2 Rd4 42. Bb7 h4 43. Bc8 e5 44. Bb7 Rd3 45. Bd5 e4 46. fxe4 g4 47. exf5 gxh3+ 48. Kh2 Kxf5 49. Re2 Bd6+ 50. f4 Bxf4+ 51. Kg1 Rd1+ 52. Kf2 h2 53. Bg2 h1=Q 54. Bxh1 Rxh1 55. Kg2 Rh2+ 0-1


[Site "https://www.chess.com"]

[Event "Titled Tuesday Blitz June 6 Early 2023"]
[White "Grischuk, Alexander"]
[Black "Chernomordik, Pavel"]
[WhiteFideId "4126025"]
[BlackFideId "2804530"]
[WhiteElo "2721"]
[BlackElo "2193"]
[Result "1-0"]
[Round "1"]
[TimeControl "180+2"]
[Date "2023.06.06"]
[WhiteClock "0:00:41"]
[BlackClock "0:00:18"]
[Board "6"]

1. e4 g6 2. d4 Bg7 3. Nf3 d6 4. Bd3 c5 5. dxc5 dxc5 6. O-O Nc6 7. h3 Qc7 8. Nc3 Nf6 9. Re1 e6 10. Nb5 Qd8 11. e5 Nd7 12. Bg5 Qb6 13. Nd6+ Kf8 14. Bf4 h6 15. Qe2 Nd4 16. Nxd4 cxd4 17. Qf3 Bxe5 18. Nxf7 Kxf7 19. Bxe5+ Kg8 20. Bxh8 Kxh8 21. Bxg6 e5 22. Qf7 1-0


[Site "https://www.chess.com"]

[Event "Titled Tuesday Blitz June 6 Early 2023"]
[White "Tokman, Ariel"]
[Black "Paravyan, David"]
[WhiteFideId "117420"]
[BlackFideId "4194985"]
[WhiteElo "2263"]
[BlackElo "2563"]
[Result "0-1"]
[Round "1"]
[TimeControl "180+2"]
[Date "2023.06.06"]
[WhiteClock "0:00:03"]
[BlackClock "0:00:55"]
[Board "7"]

1. c4 e6 2. Nf3 d5 3. g3 Nf6 4. Bg2 Be7 5. O-O O-O 6. d3 c5 7. b3 Nc6 8. Bb2 d4 9. Na3 e5 10. Nc2 Re8 11. a3 a5 12. Rb1 h6 13. Bc1 Bf5 14. Nd2 Bf8 15. Ne4 Nxe4 16. dxe4 Be6 17. a4 Ra6 18. Ne1 Nb4 19. Nd3 Bd6 20. Bd2 Qd7 21. Bxb4 cxb4 22. Qd2 Rc6 23. Rbd1 Qe7 24. Bf3 Rc7 25. Bg2 Rd8 26. Bf3 Bc8 27. Bg2 b6 28. Rc1 Kh7 29. Rfd1 g6 30. Qe1 Kg7 31. Qf1 Bb7 32. Bf3 h5 33. h4 Rh8 34. Re1 Kf8 35. e3 Bc5 36. Rcd1 dxe3 37. fxe3 Bd6 38. Kh2 Kg7 39. Bg2 Rd8 40. Qe2 Rcd7 41. Nf2 Bc5 42. Rxd7 Rxd7 43. Rd1 Rxd1 44. Nxd1 Qd6 45. Nf2 Bc8 46. Bf3 Be6 47. Nd3 f6 48. Nf2 Kf7 49. Nd3 Ke7 50. Nf2 Kd8 51. Nd3 Kc7 52. Kg2 Bd7 53. Kf2 Bc6 54. Qd2 f5 55. Ke1 fxe4 56. Nxc5 exf3 57. Na6+ Kd7 58. Qxd6+ Kxd6 59. Kf2 Bb7 0-1


[Site "https://www.chess.com"]

[Event "Titled Tuesday Blitz June 6 Early 2023"]
[White "Korobov, Anton"]
[Black "Aggelis, Nikolaos"]
[WhiteFideId "14105730"]
[BlackFideId "4213220"]
[WhiteElo "2638"]
[BlackElo "2189"]
[Result "1-0"]
[Round "1"]
[TimeControl "180+2"]
[Date "2023.06.06"]
[WhiteClock "0:02:04"]
[BlackClock "0:00:33"]
[Board "8"]

1. d4 f5 2. g3 Nf6 3. Bg2 g6 4. Nf3 Bg7 5. O-O O-O 6. b3 d6 7. Bb2 Nbd7 8. Nbd2 c6 9. Re1 Ne4 10. Nxe4 fxe4 11. Ng5 d5 12. Ne6 Qa5 13. Nxg7 Kxg7 14. f3 e3 15. Qd3 Qd2 16. Rad1 Qxd3 17. Rxd3 e6 18. Rxe3 Nf6 19. c4 Kf7 20. Rc3 Bd7 21. e4 Rfc8 22. Ba3 b5 23. Bd6 a5 24. Rec1 bxc4 25. bxc4 Ne8 26. Be5 Ke7 27. f4 Nd6 28. cxd5 cxd5 29. Rxc8 Rxc8 30. Rxc8 Nxc8 31. exd5 exd5 32. Bxd5 Be6 33. Bb7 Nd6 34. Bxd6+ Kxd6 35. a3 Bd5 36. Bxd5 Kxd5 37. Kf2 Kxd4 38. Kf3 h5 39. h3 a4 40. g4 hxg4+ 41. hxg4 Kc4 42. f5 gxf5 43. gxf5 Kd5 44. Kf4 Kd6 45. Kg5 1-0


[Site "https://www.chess.com"]

[Event "Titled Tuesday Blitz June 6 Early 2023"]
[White "Petukhov, Dmitry"]
[Black "Andreikin, Dmitry"]
[WhiteFideId "4142748"]
[BlackFideId "4158814"]
[WhiteElo "2311"]
[BlackElo "2736"]
[Result "0-1"]
[Round "1"]
[TimeControl "180+2"]
[Date "2023.06.06"]
[WhiteClock "0:00:54"]
[BlackClock "0:01:28"]
[Board "9"]

1. e4 c5 2. c3 d5 3. exd5 Qxd5 4. d4 Nf6 5. Nf3 e6 6. Be2 Nc6 7. O-O cxd4 8. cxd4 Be7 9. Nc3 Qa5 10. a3 O-O 11. Be3 Rd8 12. b4 Qc7 13. Qb3 b6 14. Rac1 Bb7 15. Rfd1 Rac8 16. d5 exd5 17. Nxd5 Nxd5 18. Rxd5 Rxd5 19. Qxd5 Qd8 20. Qb3 Bf6 21. Bc4 Qe7 22. Bd5 h6 23. h3 Nd8 24. Rxc8 Bxc8 25. Qc4 Be6 26. Bd4 Bxd4 27. Qxd4 Bxd5 28. Qxd5 Ne6 29. Ne5 Qg5 30. Qa8+ Kh7 31. Qe4+ f5 32. Qa8 Qc1+ 0-1


[Site "https://www.chess.com"]

[Event "Titled Tuesday Blitz June 6 Early 2023"]
[White "Hakobyan, Aram"]
[Black "SereneSalmon"]
[WhiteFideId "13306677"]
[WhiteElo "2584"]
[BlackElo "2503"]
[Result "1-0"]
[Round "1"]
[TimeControl "180+2"]
[Date "2023.06.06"]
[WhiteClock "0:01:53"]
[BlackClock "0:00:29"]
[Board "10"]

1. d4 Nf6 2. c4 e6 3. Nc3 Bb4 4. e3 b6 5. a3 Bxc3+ 6. bxc3 Ba6 7. Bd3 Nc6 8. e4 Na5 9. e5 Ng8 10. Qg4 Kf8 11. Bg5 Qc8 12. Qe2 c5 13. d5 Ne7 14. Nf3 h6 15. Bxe7+ Kxe7 16. O-O Qb7 17. Rad1 Rag8 18. Rfe1 g5 19. Nd2 Kd8 20. Ne4 Qc7 21. Nd6 Rf8 22. Qh5 Ke7 23. Nxf7 Qb8 24. d6+ Ke8 25. Nxh8+ 1-0


[Site "https://www.chess.com"]

[Event "Titled Tuesday Blitz June 6 Early 2023"]
[White "Flynn, Jacob"]
[Black "Kramnik, Vladimir"]
[WhiteFideId "2509393"]
[BlackFideId "4101588"]
[WhiteElo "2053"]
[BlackElo "2703"]
[Result "0-1"]
[Round "1"]
[TimeControl "180+2"]
[Date "2023.06.06"]
[WhiteClock "0:01:16"]
[BlackClock "0:01:16"]
[Board "11"]

1. d4 Nf6 2. c4 e6 3. Nc3 d5 4. cxd5 exd5 5. Bg5 c6 6. e3 Bf5 7. Qf3 Bg6 8. Bxf6 Qxf6 9. Qxf6 gxf6 10. Nf3 a5 11. Ne2 Bb4+ 12. Kd1 Bd6 13. Ng3 f5 14. Ne2 Nd7 15. Rc1 Nf6 16. Nf4 Ne4 17. Ke2 O-O 18. g3 a4 19. a3 Ra6 20. Bg2 Rb6 21. Rc2 Re8 22. h4 Bxf4 23. gxf4 Bh5 24. Kd3 Rb3+ 25. Ke2 Ng3+ 26. fxg3 Rexe3+ 27. Kf2 Bxf3 28. Rg1 Be4 29. Bxe4 fxe4 30. Rg2 h5 31. g4 Rf3+ 32. Kg1 Rxf4 33. gxh5+ Kh7 34. Rcf2 Rbf3 35. Rxf3 Rxf3 36. Rg5 Kh6 37. Re5 f6 38. Re7 Rb3 39. Re6 Kxh5 40. Rxf6 Rxb2 0-1


[Site "https://www.chess.com"]

[Event "Titled Tuesday Blitz June 6 Early 2023"]
[White "Pranesh M"]
[Black "Urbina Perez, Juan Antonio"]
[WhiteFideId "35028600"]
[BlackFideId "2217368"]
[WhiteElo "2437"]
[BlackElo "2197"]
[Result "1-0"]
[Round "1"]
[TimeControl "180+2"]
[Date "2023.06.06"]
[WhiteClock "0:01:47"]
[BlackClock "0:00:31"]
[Board "12"]

1. e4 e6 2. d4 d5 3. Nc3 Bb4 4. e5 Ne7 5. a3 Bxc3+ 6. bxc3 b6 7. h4 Ba6 8. Bd3 Qd7 9. h5 h6 10. Qg4 Bxd3 11. cxd3 Nf5 12. Ne2 Nc6 13. Ng3 Nxg3 14. Qxg7 O-O-O 15. Qxg3 Na5 16. Be3 Qb5 17. Rd1 Qb2 18. O-O Qxc3 19. Qf4 Rdf8 20. Qf6 Nb3 21. Rc1 Nxc1 22. Rxc1 Qxd3 23. Qe7 c5 24. dxc5 b5 25. c6 1-0


[Site "https://www.chess.com"]

[Event "Titled Tuesday Blitz June 6 Early 2023"]
[White "Sokolov, Andrei"]
[Black "Shevchenko, Kirill"]
[WhiteFideId "11600306"]
[BlackFideId "14129574"]
[WhiteElo "2473"]
[BlackElo "2603"]
[Result "0-1"]
[Round "1"]
[TimeControl "180+2"]
[Date "2023.06.06"]
[WhiteClock "0:02:22"]
[BlackClock "0:02:43"]
[Board "13"]

1. e4 e6 2. d4 d5 3. e5 c5 4. c3 Nc6 5. Nf3 Qb6 6. Bd3 cxd4 7. O-O Bd7 8. Re1 Nge7 9. h4 h6 10. Qc2 Rc8 11. Nbd2 Nb4 12. Qb1 Nxd3 13. Qxd3 dxc3 14. bxc3 Bb5 15. Qc2 Nc6 16. Bb2 Nb4 17. Qb3 Nd3 18. Re3 Bc5 19. Re2 Nxb2 20. Qxb2 Bxe2 21. Qc2 Bxf2+ 22. Kh1 Qe3 23. Nb3 Rxc3 24. Qb2 Bxf3 25. Rf1 Bxg2+ 26. Kxg2 Qg3+ 27. Kh1 Qh3# 0-1


[Site "https://www.chess.com"]

[Event "Titled Tuesday Blitz June 6 Early 2023"]
[White "Tabatabaei, M. Amin"]
[Black "Ginzburg, Yakov"]
[WhiteFideId "12521213"]
[BlackFideId "4157176"]
[WhiteElo "2575"]
[BlackElo "2305"]
[Result "1-0"]
[Round "1"]
[TimeControl "180+2"]
[Date "2023.06.06"]
[WhiteClock "0:01:50"]
[BlackClock "0:00:01"]
[Board "14"]

1. Nf3 Nf6 2. b3 d6 3. d4 g6 4. g3 Bg7 5. Bg2 O-O 6. Bb2 Re8 7. O-O e5 8. dxe5 Ng4 9. c4 Nxe5 10. Nc3 Nbc6 11. Qd2 Nxf3+ 12. exf3 Bf5 13. f4 Nd4 14. Rfe1 Qd7 15. Nd5 c5 16. Bxd4 cxd4 17. Rad1 Rxe1+ 18. Rxe1 Re8 19. Bf1 Be4 20. Nb4 a5 21. Bd3 Bf3 22. Nc2 b6 23. Bf1 Rxe1 24. Nxe1 Bb7 25. Bg2 Ba6 26. Nc2 b5 27. Qxa5 Qc8 28. Nb4 bxc4 29. Qxa6 Qxa6 30. Nxa6 1-0


[Site "https://www.chess.com"]

[Event "Titled Tuesday Blitz June 6 Early 2023"]
[White "Hnydiuk, Aleksander"]
[Black "Henriquez Villagra, Cristobal"]
[WhiteFideId "1109057"]
[BlackFideId "3409350"]
[WhiteElo "2374"]
[BlackElo "2542"]
[Result "0-1"]
[Round "1"]
[TimeControl "180+2"]
[Date "2023.06.06"]
[WhiteClock "0:00:21"]
[BlackClock "0:00:58"]
[Board "15"]

1. e4 Nc6 2. Nf3 d6 3. d4 Nf6 4. Nc3 g6 5. Bg5 Bg7 6. Qd2 h6 7. Bh4 g5 8. Bg3 Nh5 9. O-O-O g4 10. d5 gxf3 11. dxc6 bxc6 12. gxf3 Bd7 13. f4 Qb8 14. Be2 Nxg3 15. hxg3 Qb6 16. e5 Rb8 17. b3 Qxf2 18. Ne4 Qb6 19. c4 Bf5 20. c5 Qb4 21. cxd6 cxd6 22. exd6 Qxe4 23. d7+ Kd8 24. Qa5+ Rb6 25. Bd3 Qe3+ 26. Rd2 Bxd3 27. Qxa7 Bb2+ 28. Kd1 Qf3+ 29. Ke1 Qxh1+ 30. Kf2 Bd4# 0-1


[Site "https://www.chess.com"]

[Event "Titled Tuesday Blitz June 6 Early 2023"]
[White "Sjugirov, Sanan"]
[Black "Bas Mas, Jose Joaquin"]
[WhiteFideId "4189302"]
[BlackFideId "22219064"]
[WhiteElo "2569"]
[BlackElo "2212"]
[Result "1-0"]
[Round "1"]
[TimeControl "180+2"]
[Date "2023.06.06"]
[WhiteClock "0:00:04"]
[BlackClock "0:00:14"]
[Board "16"]

1. e4 e6 2. d4 d5 3. Nc3 Nf6 4. e5 Nfd7 5. f4 c5 6. Nf3 Nc6 7. Be3 Be7 8. Qd2 O-O 9. Be2 a6 10. O-O Qc7 11. Nd1 cxd4 12. Nxd4 Nc5 13. Nf2 Bd7 14. c3 f6 15. exf6 Rxf6 16. Nxc6 Bxc6 17. Ng4 Rff8 18. Ne5 Ne4 19. Qc2 Bc5 20. Bxc5 Nxc5 21. Kh1 Be8 22. Rae1 Rc8 23. Qd1 Bb5 24. Bxb5 axb5 25. Qd4 Ne4 26. Nd3 Qc4 27. Qe3 Rc7 28. a3 Qc6 29. Nf2 Nxf2+ 30. Rxf2 Rcf7 31. Kg1 Rf6 32. Qe5 Qc4 33. g3 Qd3 34. Qe2 Qxe2 35. Rfxe2 Kf7 36. Rd1 Rc8 37. Kg2 h5 38. h4 Rc4 39. Kf3 g6 40. Ke3 Rf5 41. Kd3 Kf6 42. Rde1 Re4 43. Rxe4 dxe4+ 44. Rxe4 Rd5+ 45. Rd4 Kf5 46. Rxd5+ exd5 47. Ke3 Kg4 48. Kf2 b6 49. Kg2 Kf5 50. Kf3 Kf6 51. g4 Ke6 52. f5+ Kf6 53. fxg6 hxg4+ 54. Kxg4 Kxg6 55. Kf4 Kh5 56. Ke5 1-0


[Site "https://www.chess.com"]

[Event "Titled Tuesday Blitz June 6 Early 2023"]
[White "feuervogel1000000"]
[Black "Svane, Rasmus"]
[BlackFideId "4657101"]
[WhiteElo "2496"]
[BlackElo "2601"]
[Result "1/2-1/2"]
[Round "1"]
[TimeControl "180+2"]
[Date "2023.06.06"]
[WhiteClock "0:00:13"]
[BlackClock "0:00:10"]
[Board "17"]

1. d4 d5 2. c4 e6 3. Nf3 a6 4. Nc3 Nf6 5. cxd5 exd5 6. Bf4 Bd6 7. Bxd6 Qxd6 8. e3 Bg4 9. Be2 Nbd7 10. O-O O-O 11. Rc1 c6 12. a3 Rfe8 13. b4 a5 14. Qb3 b5 15. Rc2 Bxf3 16. Bxf3 Nb6 17. Ne2 Nc4 18. Rc3 axb4 19. Qxb4 Qe7 20. Nf4 Rxa3 21. Qxe7 Rxe7 22. Rxa3 Nxa3 23. Ra1 Nc4 24. Nd3 Kf8 25. Nb4 Re6 26. Ra6 Ke7 27. Nxc6+ Kd7 28. Nb4 Rxa6 29. Nxa6 Kd6 30. Kf1 Na5 31. Be2 Kc6 32. Nb4+ Kd6 33. Bxb5 Nb7 34. f3 Nd8 35. Kf2 Ne6 36. Nd3 Ng8 37. Ne5 f6 38. Nd3 Ne7 39. h4 Nc8 40. h5 g5 41. hxg6 hxg6 42. g4 g5 43. Nc1 Ne7 44. Ne2 f5 45. gxf5 Nxf5 46. Bd3 Ne7 47. Kg3 Ng8 48. Kg4 Ke7 49. Ng3 Kf6 50. Nh5+ Ke7 51. Kf5 Nh6+ 52. Kg6 Nf7 53. Bf5 Nf8+ 54. Kg7 Nd6 55. Bg4 Nc4 56. e4 Ne3 57. exd5 Nxd5 58. Ng3 Ne6+ 59. Kh6 Nxd4 60. Kxg5 Ne3 61. Kf4 Nxg4 62. fxg4 Kf6 63. Ne4+ Kg6 64. g5 Ne6+ 65. Ke5 Nxg5 1/2-1/2


[Site "https://www.chess.com"]

[Event "Titled Tuesday Blitz June 6 Early 2023"]
[White "Deac, Bogdan-Daniel"]
[Black "Tifferet, Shaked"]
[WhiteFideId "1226380"]
[BlackFideId "2811529"]
[WhiteElo "2644"]
[BlackElo "2142"]
[Result "1-0"]
[Round "1"]
[TimeControl "180+2"]
[Date "2023.06.06"]
[WhiteClock "0:00:06"]
[BlackClock "0:00:01"]
[Board "18"]

1. b3 Nf6 2. Bb2 g6 3. g3 Bg7 4. Bg2 O-O 5. Nf3 b6 6. Ne5 c6 7. c4 d5 8. d4 Ng4 9. cxd5 cxd5 10. Nc3 Nxe5 11. dxe5 e6 12. Nxd5 exd5 13. Bxd5 Bh3 14. Bxa8 Qe7 15. f4 Rd8 16. Qc1 Na6 17. Bf3 Rc8 18. Qd2 Rd8 19. Qe3 Nb4 20. Rc1 Nxa2 21. Rd1 Rxd1+ 22. Kxd1 Qb4 23. Bd5 h5 24. Qd4 Qa5 25. Bc4 Nb4 26. Bc3 Qa3 27. Bxb4 Qa2 28. Bd2 Qb1+ 29. Bc1 Bf5 30. Bd3 Qxb3+ 31. Ke1 Bh3 32. Be3 Qa2 33. Kf2 Qa5 34. Ra1 Qc5 35. Qxc5 1-0


[Site "https://www.chess.com"]

[Event "Titled Tuesday Blitz June 6 Early 2023"]
[White "Mrithyunjay Mahadevan"]
[Black "Lenderman, Aleksandr"]
[WhiteFideId "45003521"]
[BlackFideId "2021285"]
[WhiteElo "1626"]
[BlackElo "2607"]
[Result "0-1"]
[Round "1"]
[TimeControl "180+2"]
[Date "2023.06.06"]
[WhiteClock "0:00:30"]
[BlackClock "0:00:37"]
[Board "19"]

1. e4 c5 2. Nf3 Nc6 3. Bb5 e6 4. O-O Nge7 5. Re1 b6 6. c3 a6 7. Bxc6 Nxc6 8. d4 d5 9. dxc5 dxe4 10. Qxd8+ Nxd8 11. Rxe4 Bxc5 12. b4 Bb7 13. Rg4 Bf8 14. Be3 b5 15. Nbd2 f6 16. Re1 e5 17. Nh4 g6 18. f4 f5 19. Rg3 e4 20. Bd4 Nf7 21. Bxh8 Nxh8 22. Nhf3 Nf7 23. Nd4 Bd6 24. Ne2 O-O-O 25. Nb3 Bc7 26. Rh3 h5 27. Rg3 Rd6 28. Nc5 Bb6 29. Nd4 Bd5 30. a4 bxa4 31. Nxa4 Bxd4+ 32. cxd4 Bc6 33. Rc1 Kb8 34. Nc5 Bb5 35. Rd1 Nd8 36. Kf2 Nc6 37. Ke3 Nxb4 38. Rd2 Nd5+ 39. Kf2 Nxf4 40. Rb3 Ka7 41. Ra2 Rb6 42. Kg3 Ne2+ 43. Kh4 Nxd4 44. Rba3 Rc6 45. Rc3 e3 46. Na4 e2 47. Re3 Re6 48. Rxe6 Nxe6 49. Ra1 Bxa4 50. Re1 Bd1 51. g3 a5 52. h3 a4 53. g4 hxg4 54. Kg3 gxh3 55. Kxh3 a3 56. Kg3 a2 57. Kf2 a1=Q 58. Kg3 Qc3+ 59. Kh4 Qxe1+ 60. Kh3 Nf4+ 61. Kh2 Qf2+ 0-1


[Site "https://www.chess.com"]

[Event "Titled Tuesday Blitz June 6 Early 2023"]
[White "Makarian, Rudik"]
[Black "Bethke, Richard"]
[WhiteFideId "44105681"]
[BlackFideId "12959243"]
[WhiteElo "2451"]
[BlackElo "2369"]
[Result "0-1"]
[Round "1"]
[TimeControl "180+2"]
[Date "2023.06.06"]
[WhiteClock "0:00:02"]
[BlackClock "0:00:03"]
[Board "20"]

1. d4 Nf6 2. c4 e6 3. Nf3 d5 4. Nc3 Be7 5. g3 O-O 6. Bg2 Nbd7 7. Ne5 c6 8. O-O Nxe5 9. dxe5 Nd7 10. cxd5 Nxe5 11. dxc6 Nxc6 12. Be3 e5 13. Rc1 Be6 14. Qxd8 Rfxd8 15. Bxc6 bxc6 16. b3 Bd5 17. Na4 a5 18. Bc5 Bg5 19. Rcd1 h5 20. f3 h4 21. Kf2 hxg3+ 22. hxg3 e4 23. f4 Bf6 24. Ke3 g5 25. Bb6 Rdb8 26. Bd4 Be7 27. Rh1 f5 28. Nb6 c5 29. Nxd5 cxd4+ 30. Kxd4 Bf8 31. Ke5 Bg7+ 32. Kxf5 Rf8+ 33. Kxe4 Rae8+ 34. Kf3 g4+ 35. Kxg4 Rxe2 36. a4 Rb8 37. Rd3 Kf7 38. Ne3 Bf6 39. Kf3 Rb2 40. g4 R8xb3 41. Rxb3 Rxb3 42. Rd1 Be7 43. Ke4 Rb4+ 44. Rd4 Rb3 45. Nf5 Bb4 46. Rd7+ Ke6 47. Rh7 Ra3 48. Rh6+ Kf7 49. g5 Rxa4 50. Rf6+ Ke8 51. Kf3 Bd2 52. Nd6+ Ke7 53. Ne4 Bc1 54. Rf5 Ra3+ 55. Kg4 Ra4 56. Re5+ Kf7 57. Kf5 Ra2 58. Nd6+ Kg7 59. Re7+ Kf8 60. Re8+ Kg7 61. g6 Rf2 62. Re7+ Kg8 63. Re4 Rxf4+ 64. Rxf4 Bxf4 65. Kxf4 a4 66. Nc4 Kg7 67. Kg5 Kg8 68. Kh6 Kh8 0-1


[Site "https://www.chess.com"]

[Event "Titled Tuesday Blitz June 6 Early 2023"]
[White "Srebrnic, Marko"]
[Black "Zhigalko, Sergei"]
[WhiteFideId "14603616"]
[BlackFideId "13502956"]
[WhiteElo "2341"]
[BlackElo "2626"]
[Result "1/2-1/2"]
[Round "1"]
[TimeControl "180+2"]
[Date "2023.06.06"]
[WhiteClock "0:00:26"]
[BlackClock "0:00:03"]
[Board "21"]

1. e4 c5 2. Nf3 Nc6 3. g3 Nf6 4. Qe2 e5 5. c3 Be7 6. Bg2 O-O 7. O-O Re8 8. Na3 d5 9. d3 h6 10. Rd1 Bf8 11. Nh4 Bg4 12. Bf3 Be6 13. Be3 Qd7 14. Qf1 Rad8 15. exd5 Nxd5 16. Nc4 b5 17. Nd2 Nxe3 18. fxe3 Ne7 19. Ne4 Nd5 20. Qe2 Be7 21. Ng2 Qc7 22. g4 c4 23. dxc4 bxc4 24. h3 Qb6 25. Kh1 Nf6 26. Qc2 Nxe4 27. Bxe4 Bc5 28. Qe2 a5 29. Rf1 Rb8 30. Rab1 Red8 31. Qf2 Rd3 32. Rfe1 a4 33. a3 Qd6 34. Re2 Rd1+ 35. Rxd1 Qxd1+ 36. Kh2 Qd6 37. Nh4 Qb6 38. Nf5 Rd8 39. Ng3 Bf8 40. Qf3 Qd6 41. Bc2 Bd5 42. Be4 Be6 43. Bf5 Bd5 44. Be4 Be6 1/2-1/2


[Site "https://www.chess.com"]

[Event "Titled Tuesday Blitz June 6 Early 2023"]
[White "Bjerre, Jonas Buhl"]
[Black "Orujov2008"]
[WhiteFideId "1444948"]
[WhiteElo "2525"]
[BlackElo "2487"]
[Result "1-0"]
[Round "1"]
[TimeControl "180+2"]
[Date "2023.06.06"]
[WhiteClock "0:00:14"]
[BlackClock "0:00:02"]
[Board "22"]

1. d4 Nf6 2. Nf3 d5 3. c4 e6 4. g3 Be7 5. Bg2 O-O 6. Nc3 Nbd7 7. O-O dxc4 8. e4 b5 9. e5 Nd5 10. Nxb5 Bb7 11. Qe2 Rb8 12. Nc3 N7b6 13. Ne4 Rc8 14. Bg5 h6 15. Bxe7 Qxe7 16. Nc5 Bc6 17. Rfc1 a5 18. Nd2 Rfd8 19. Nxc4 Nxc4 20. Qxc4 Nb6 21. Qc3 Bxg2 22. Kxg2 Rd5 23. Rd1 Rcd8 24. Rac1 a4 25. Rd3 Qg5 26. Rcd1 h5 27. Ne4 Qe7 28. h4 Nd7 29. Qc2 Nb6 30. Qe2 Nd7 31. Qxh5 g6 32. Qe2 c5 33. Nc3 Rxd4 34. Rxd4 cxd4 35. Rxd4 Nc5 36. Rxd8+ Qxd8 37. Qe3 Qa8+ 38. Qf3 Qb8 39. Qc6 Nb7 40. Qb6 Qc8 41. Ne4 Nd8 42. Nf6+ Kg7 43. Qd6 Nc6 44. Kh3 Qb7 45. Kh2 Qc8 46. Nd7 Nd8 47. Qf8+ Kh7 48. Nf6# 1-0


[Site "https://www.chess.com"]

[Event "Titled Tuesday Blitz June 6 Early 2023"]
[White "Xu, Daniel"]
[Black "Kevlishvili, Robby"]
[WhiteFideId "2627345"]
[BlackFideId "1040634"]
[WhiteElo "1980"]
[BlackElo "2572"]
[Result "1-0"]
[Round "1"]
[TimeControl "180+2"]
[Date "2023.06.06"]
[WhiteClock "0:00:06"]
[BlackClock "0:00:12"]
[Board "23"]

1. e4 c6 2. d4 d5 3. exd5 cxd5 4. c4 Nf6 5. Nc3 g6 6. Qb3 Bg7 7. cxd5 O-O 8. Nge2 Nbd7 9. g3 Nb6 10. Bg2 Bg4 11. Nf4 Rc8 12. O-O Bf5 13. a4 Qd7 14. a5 Nc4 15. Re1 Nd6 16. Be3 g5 17. Nfe2 h6 18. Rec1 Bh3 19. Bf3 Qf5 20. Bh1 Ng4 21. Nd1 a6 22. Rc5 Nb5 23. Rac1 Rxc5 24. dxc5 Ne5 25. Nd4 Nxd4 26. Bxd4 Ng4 27. Bxg7 Kxg7 28. Qc3+ Kg8 29. Qd4 Rd8 30. Rc3 Qb1 31. Qd2 Nf6 32. Rc1 Qf5 33. Ne3 Qe5 34. Qc3 Qb8 35. c6 bxc6 36. dxc6 Qb5 37. c7 Rc8 38. Rd1 Qa4 39. Rd8+ Kg7 40. Bg2 Be6 41. Rxc8 Bxc8 42. h3 Qd7 43. Nd5 Qd6 44. Nb6 Be6 45. c8=Q Qd1+ 46. Kh2 Bxc8 47. Nxc8 Qe2 48. Nxe7 Qxe7 49. Qc4 Qd6 50. b4 h5 51. Bf1 h4 52. Qxa6 hxg3+ 53. fxg3 Qd2+ 54. Bg2 Qxb4 55. Qb6 Qe1 56. a6 Qa1 57. a7 Nh5 58. a8=Q Qe5 59. Qb3 Nf6 60. Qaa3 g4 61. Qc3 Qh5 62. Qab2 Qg6 63. Qxf6+ Qxf6 64. Qxf6+ Kxf6 65. hxg4 Kg5 66. Bf3 Kg6 67. Kh3 Kf6 68. Kh4 Kg6 69. g5 Kf5 70. Kh5 Ke5 71. Kh6 Kf5 72. Bh5 f6 73. g6 1-0


[Site "https://www.chess.com"]